[Event "*** Titled Tuesday Blitz"]
[Site "Chess.com"]
[Date "2021.02.02"]
[Round "11"]
[White "Nozdrachev_Leonid"]
[Black "c_r_e_e_p_e_r"]
[Result "0-1"]
[WhiteElo "2506"]
[BlackElo "2397"]
[TimeControl "180+1"]
[EndTime "12:07:18 PST"]
[Termination "c_r_e_e_p_e_r won on time"]

1. e4 c5 2. c3 e6 3. d4 d5 4. e5 Nc6 5. Nf3 Bd7 6. Bd3 Rc8 7. dxc5 Bxc5 8. O-O Nge7 9. b4 Bb6 10. Re1 Ng6 11.
g3 Bc7 12. Qe2 Ncxe5 13. Bxg6 Nxf3+ 14. Qxf3 hxg6 15. Qxd5 O-O 16. Qd1 Bc6 17. Qxd8 Rfxd8 18. Be3 a6 19. Na3 Be5 20. Rac1 Bf6 21. Bc5 Rd3 22. Re3 Rd2 23. Nc4 Rxa2 24. Rd1 Bd5 25. Nb6 Rd8 26. Nxd5 exd5 27. Red3 Ra3 28. Rxd5 Rxd5 29. Rxd5 Rxc3 30. Rd7 b5 31. Ra7 Ra3 32. Ra8+ Kh7 33. Rf8 a5 34. bxa5 Rxa5 35. Rxf7 Bc3 36. Rb7 Ra1+ 37. Kg2 b4 38. Kf3 Rb1 39. Ke4 b3 40. Kd3 Bf6 41. Ba3 b2 42.
Ke2 Ra1 43. Bxb2 Ra2 44. Kf3 Rxb2 45. Ra7 Rxf2+ 46. Kg4 Bd4 0-1

[Event "*** Titled Tuesday Blitz"]
[Site "Chess.com"]
[Date "2021.02.02"]
[Round "11"]
[White "Zmeeed63"]
[Black "ChessQueen"]
[Result "0-1"]
[WhiteElo "2423"]
[BlackElo "2738"]
[TimeControl "180+1"]
[EndTime "12:07:19 PST"]
[Termination "ChessQueen won by resignation"]

1. d4 Nf6 2. c4 e6 3. Nc3 Bb4 4. f3 c5 5. d5 O-O 6. e4 b5 7.
Bd2 d6 8. Nxb5 Bxd2+ 9. Qxd2 exd5 10. cxd5 Qb6 11. Nc3 Nbd7 12. Nge2 Ne5 13. Ng3 Ba6 14. Be2 Rab8 15. Rb1 c4 16. Nf5 g6 17. Ne3 Rfc8 18. O-O Nfd7 19. Kh1 Nd3 20. b3 Qd4 21. Rbd1 cxb3 22.
Bxd3 Rxc3 23. Bxa6 Qxd2 24. Rxd2 Rxe3 25. axb3 Rexb3 26.
h4 Nc5 27. Be2 Rb2 28. Rfd1 a5 29. e5 dxe5 30. d6 Kf8 31. Bc4 Rxd2 32. Rxd2 Nd7 33. Ra2 Ra8 34. Bd5 Ra7 35. Ra4 Nb6 36. d7 Nxd7 37. Bc6 Nb6 38. Re4 Ke7 39. f4 Kd6 40. Bb5 exf4 41. Rxf4 f5 42. h5 a4 43. h6 a3 44. Rf1 a2 45. Ra1 Kc5 46. Be8 Kb4 47. Bf7 Rxf7 48. Rxa2 Nc4 49. Ra8 Ne5 50. Rg8 Ng4 51.
Rg7 Nxh6 0-1

[Event "*** Titled Tuesday Blitz"]
[Site "Chess.com"]
[Date "2021.02.02"]
[Round "11"]
[White "Katheksis"]
[Black "1977Ivan"]
[Result "1-0"]
[WhiteElo "2553"]
[BlackElo "2681"]
[TimeControl "180+1"]
[EndTime "12:07:19 PST"]
[Termination "Katheksis won on time"]

1. d4 Nf6 2. Nf3 g6 3. c4 Bg7 4. g3 c5 5. d5 O-O 6. Bg2 e6 7. O-O exd5 8. cxd5 d6 9. Nc3 Nbd7 10. Nd2 Nh5 11. Nc4 Ne5 12. Nxe5 Bxe5 13. f4 Bg7 14. e4 Bd7 15. a4 Re8 16. Qc2 Qb6 17. Kh1 Nf6 18. Be3 Rac8 19. Bg1 h5 20. h3 Qb4 21. Rae1 Nh7 22. e5 dxe5 23. f5 e4 24. fxg6 fxg6 25. Bxe4 Bxh3 26. Bxg6 Nf8 27.
Bf7+ Kh8 28. Qh2 Bxf1 29. Qxh5+ Nh7 30. Bg6 Kg8 31. Qxh7+ Kf8 32. Rxf1+ Ke7 33. Qxg7+ Kd8 34. Bxe8 Rc7 35. Qf6+ Kc8 36. Bh5 b6 37. d6 Rd7 38.
Qf8+ Kb7 39. Bf3+ Ka6 40. Qc8+ Ka5 41. Qxd7 a6 42. Qc6 Qxb2 43. Nd5 Qh8+ 44. Kg2 Qb2+ 45. Rf2 1-0

[Event "*** Titled Tuesday Blitz"]
[Site "Chess.com"]
[Date "2021.02.02"]
[Round "11"]
[White "verdest"]
[Black "davigator"]
[Result "0-1"]
[WhiteElo "2468"]
[BlackElo "2355"]
[TimeControl "180+1"]
[EndTime "12:07:20 PST"]
[Termination "davigator won on time"]

1. c4 e5 2. g3 Nf6 3. Bg2 d5 4. cxd5 Nxd5 5. Nc3 Nb6 6. Nf3 Nc6 7. O-O Be7 8. d4 exd4 9. Nb5 Bf6 10. e3 O-O 11.
Nbxd4 Nxd4 12. Nxd4 Bxd4 13. exd4 c6 14. Re1 Be6 15. Bf4 Bd5 16. Bh3 Qf6 17. Be5 Qg6 18. Bf1 Nc4 19. Qc1 Nb6 20. Qd2 Rad8 21. Bd3 Qh5 22.
Qf4 f6 23. Bc7 Rde8 24. Bxb6 axb6 25. a3 Qh3 26. Be4 Qd7 27. Bf5 Qf7 28. h4 Re7 29. Rxe7 Qxe7 30. h5 Re8 31. Kh2 Qe2 32. h6 g5 33.
Bxh7+ Kxh7 34. Qf5+ Kxh6 35. Qxf6+ Kh7 36. Qf5+ Kh8 37.
Qf6+ Kg8 38. Qxg5+ Kf8 39. Qh6+ Ke7 40. Kg1 Rf8 41.
Qg5+ Ke8 42. Qg6+ Rf7 43. Qg8+ Kd7 0-1

[Event "*** Titled Tuesday Blitz"]
[Site "Chess.com"]
[Date "2021.02.02"]
[Round "11"]
[White "esapunov"]
[Black "anon132639"]
[Result "1-0"]
[WhiteElo "2644"]
[BlackElo "2786"]
[TimeControl "180+1"]
[EndTime "12:07:22 PST"]
[Termination "esapunov won by resignation"]

1. c4 Nf6 2. Nf3 g6 3. Nc3 Bg7 4. e4 d6 5. d4 O-O 6. Be2 e5 7. O-O Nbd7 8. Be3 c6 9. d5 c5 10.
Ne1 Ne8 11. Nd3 f5 12. f4 exf4 13. Nxf4 Ne5 14. exf5 Bxf5 15. Qd2 Nc7 16. b3 Qd7 17. Rae1 Rae8 18. h3 a6 19. a4 Qd8 20. Kh2 Qh4 21. a5 Kh8 22. Bf2 Qh6 23. Be3 Qh4 24. Bf2 Qg5 25.
Be3 Qe7 26. Bd1 h6 27. Bc2 Bxc2 28. Qxc2 g5 29. Nh5 Rxf1 30. Rxf1 Rf8 31. Re1 g4 32. Bf4 Nf3+ 33. gxf3 Qxe1 34. hxg4 Qxc3 35. Qxc3 Bxc3 36.
Bxd6 Rf7 37. f4 Ne8 38. Be5+ Bxe5 39. fxe5 Rf3 40. Kg2 Re3 41. Nf4 Kg8 42. d6 Nxd6 43. exd6 Re8 44. d7 Rd8 45. Ne6 Rxd7 46. Nxc5 Re7 47. Kf3 Kg7 48. Kf4 Kf6 49. Ne4+ Ke6 50. Ng3 Rf7+ 51. Ke4 Rg7 52. Kf4 Rd7 53. Nf5 Rd3 54.
b4 Rb3 55. Nd4+ Kd6 56. Nxb3 Kc6 57. Kf5 h5 58. gxh5 1-0

[Event "*** Titled Tuesday Blitz"]
[Site "Chess.com"]
[Date "2021.02.02"]
[Round "11"]
[White "Korchmar_Vasiliy"]
[Black "Gmedmundo"]
[Result "0-1"]
[WhiteElo "2579"]
[BlackElo "2440"]
[TimeControl "180+1"]
[EndTime "12:07:23 PST"]
[Termination "Gmedmundo won on time"]

1. e4 c5 2. Nf3 d6 3. d4 cxd4 4. Nxd4 Nf6 5. Nc3 Nc6 6. Bg5 e6 7. Qd3 a6 8. O-O-O Bd7 9. f4 h6 10. Bh4 g5 11. Nxc6 Bxc6 12. fxg5 Ng4 13. Qd2 Be7 14. Be2 Ne5 15. Kb1 hxg5 16. Bg3 Qc7 17. Rhf1 f6 18. Bxe5 dxe5 19. Bg4 Bd7 20. Qe2 O-O-O 21.
Rd3 Kb8 22. a3 Bc8 23. Rfd1 Rxd3 24. Qxd3 Rd8 25. Qh3 Rxd1+ 26. Nxd1 Qb6 27. Ka2 Bd7 28. Qh7 Qd6 29. Qf7 Kc7 30. Nc3 Bd8 31. g3 Qe7 32.
Qg8 b5 33. h4 gxh4 34. gxh4 Qe8 35. Qxe8 Bxe8 36. Bxe6 Kd6 37. Bf5 a5 38. Kb1 Bb6 39. h5 Bxh5 40. Nxb5+ Kc5 41. a4 Be8 42. Nc3 Kd4 43. Nd5 Bd8 44. c3+ Kd3 45. b3 Bc6 46. Kb2 Ke2 47. b4 Kf3 48. b5 Bxd5 49. exd5 e4 50. c4 e3 51. Bd3 Be7 52. Kc3 Bc5 0-1

[Event "*** Titled Tuesday Blitz"]
[Site "Chess.com"]
[Date "2021.02.02"]
[Round "11"]
[White "MaevskiyNikolay"]
[Black "Eloist"]
[Result "1-0"]
[WhiteElo "2588"]
[BlackElo "2386"]
[TimeControl "180+1"]
[EndTime "12:07:23 PST"]
[Termination "MaevskiyNikolay won by resignation"]

1. d4 e6 2. c4 Nf6 3. Nf3 b6 4.
Nc3 Bb4 5. Bg5 h6 6. Bh4 Bb7 7.
Nd2 Nc6 8. e3 Ne7 9. f3 Ng6 10.
Bf2 e5 11. a3 Be7 12. d5 a5 13. Bd3 O-O 14. Qc2 Qe8 15. O-O c6 16. dxc6 Bxc6 17.
Bxg6 fxg6 18. e4 Bc5 19. Nb3 Qe7 20. Nxc5 bxc5 21. Rfd1 g5 22. h3 Rab8 23. Be3 Nh5 24. Qf2 d6 25. Qd2 Rfd8 26. Rab1 Nf4 27. Bxf4 gxf4 28. b3 Kh8 29. a4 Kh7 30. Nb5 Bxb5 31. axb5 Ra8 32. Ra1 Qc7 33. Qc3 Rd7 34. Rd3 Qb6 35.
Qd2 Rad8 36. Qxa5 Qxa5 37. Rxa5 Kg6 38. Ra6 Kf7 39. Rd1 Ke7 40. Rda1 Rb8 41. Kf2 g5 42. Ke2 Rbb7 43. Kd3 Rb8 44. Kc3 Rc7 45. Ra7 Rbb7 46. Rxb7 Rxb7 47. b4 cxb4+ 48. Kxb4 Kd7 49. Ra8 Kc7 50. Rh8 Kb6 51. Rxh6 Rd7 52. c5+ 1-0

[Event "*** Titled Tuesday Blitz"]
[Site "Chess.com"]
[Date "2021.02.02"]
[Round "11"]
[White "mikolka1985"]
[Black "Saxar85"]
[Result "0-1"]
[WhiteElo "2598"]
[BlackElo "2796"]
[TimeControl "180+1"]
[EndTime "12:07:24 PST"]
[Termination "Saxar85 won by resignation"]

1. d4 Nf6 2. c4 d6 3. Nc3 e5 4. d5 a5 5. e4 Na6 6. Bd3 Be7 7.
Nge2 O-O 8. O-O Nc5 9. Bc2 Nh5 10.
b3 Bg5 11. a3 Bg4 12. f3 Bd7 13. Rb1 h6 14. b4 axb4 15. axb4 Na6 16. Bxg5 Qxg5 17.
Kh1 g6 18. Bd3 f5 19. c5 dxc5 20. Bxa6 Rxa6 21. bxc5 b6 22. c6 Bc8 23. exf5 Bxf5 24. Rb4 Qe7 25. Rb2 Nf6 26. Ng3 Ra5 27. Re1 Rd8 28.
Rd2 Qb4 29. Nxf5 gxf5 30. Rd3 Rc5 31. Qd2 Nxd5 32. Rxe5 Rd6 33. Rexd5 Rxc3 34. Rxd6 Qb1+ 35. Qd1 Qxd1+ 36. Rxd1 cxd6 37. h4 Rxc6 38. Rd5 Kg7 39. Rxf5 Rc5 40. Rf4 b5 41. Rd4 d5 42. Kh2 Kf6 43.
f4 Ke6 44. g4 Rc4 45. Rxc4 dxc4 46. h5 c3 47. g5 c2 48. gxh6 c1=Q 0-1

[Event "*** Titled Tuesday Blitz"]
[Site "Chess.com"]
[Date "2021.02.02"]
[Round "11"]
[White "markowskitomasz"]
[Black "ErikBlomqvist"]
[Result "1/2-1/2"]
[WhiteElo "2641"]
[BlackElo "2515"]
[TimeControl "180+1"]
[EndTime "12:07:24 PST"]
[Termination "Game drawn by agreement"]

1. d4 Nf6 2. Nf3 d5 3. c4 e6 4.
e3 c5 5. cxd5 exd5 6. Be2 Nc6 7.
O-O a6 8. b3 Bg4 9. Bb2 Bxf3 10. Bxf3 cxd4 11. Bxd4 Nxd4 12. Qxd4 Rc8 13. Nc3 Bc5 14.
Qd3 O-O 15. Nxd5 Nxd5 16. Qxd5 Qxd5 17. Bxd5 b6 18. Bb7 Rcd8 19. Rfd1 a5 20. Ba6 g6 21. Kf1 Kg7 22. Ke2 h5 23. Bc4 Kf6 24. Rac1 Rxd1 25. Rxd1 Ke7 26. Rd5 h4 27. e4 f6 28. Rd3 g5 29. Kf3 Rd8 30. Bd5 Bd6 31. h3 Rc8 32.
Bc4 Be5 33. Kg4 Rc5 34. a4 Rc7 35. Kf5 Rc5 36. Rd5 Rxd5 37. exd5 Bd4 38. f4 Be3 39. fxg5 fxg5 40. Ke5 Bf4+ 41. Ke4 Kd6 42. Kf5 Be3 43. Ke4 Bf4 44. Bb5 Bd2 45. Bc6 Bf4 46. Kd4 Bd2 47.
Kc4 Be3 48. Kb5 Bf2 49. Ka6 Be3 50. Kb7 Bf2 51. Kc8 Be3 52. Kd8 Bf2 53. Ke8 Be3 1/2-1/2

[Event "*** Titled Tuesday Blitz"]
[Site "Chess.com"]
[Date "2021.02.02"]
[Round "11"]
[White "Sofiia_Hryzlova"]
[Black "KetiGrant"]
[Result "1-0"]
[WhiteElo "2262"]
[BlackElo "2354"]
[TimeControl "180+1"]
[EndTime "12:07:24 PST"]
[Termination "Sofiia_Hryzlova won by resignation"]

1. c4 e5 2. g3 g6 3. Nc3 Bg7 4. Bg2 f5 5. e3 Nf6 6. Nge2 O-O 7.
O-O d6 8. h3 Nbd7 9. b4 e4 10. d4 exd3 11. Qxd3 Ne5 12. Qc2 c6 13. b5 Be6 14. Nd4 Bxc4 15. Rd1 Qc7 16. bxc6 bxc6 17. Ba3 Rad8 18. f4 Ned7 19. Nxc6 Rde8 20. Bxd6 Qb6 21. Bxf8 Qxe3+ 22. Kh1 Bxf8 23. Nd5 Bxd5 24. Bxd5+ Nxd5 25. Rxd5 Nf6 26. Rd3 Qe4+ 27. Kh2 Rc8 28. Rc3 Qxc2+ 29. Rxc2 Rc7 30. Rac1 Rb7 31. Nd8 Rd7 32. Ne6 Ba3 33.
Rb1 Kf7 34. Ng5+ Kg7 35. Nf3 Ne4 36. Ne5 Re7 37. Kg2 Bd6 38. Nc4 Bc5 39. Kf3 g5 40.
Ne5 h5 41. Rb5 Bd4 42. Rd5 g4+ 43. hxg4 hxg4+ 44. Kg2 Bb6 45. Nc6 Rc7 46. Rxf5 Kg6 47. Rd5 Nf6 48. Ne5+ Kf5 49. Rxc7 Bxc7 50. Rb5 Ne4 51.
Nc6+ Ke6 52. Nxa7 1-0

[Event "*** Titled Tuesday Blitz"]
[Site "Chess.com"]
[Date "2021.02.02"]
[Round "11"]
[White "Gabrielian_Artur"]
[Black "Annawel"]
[Result "0-1"]
[WhiteElo "2788"]
[BlackElo "2931"]
[TimeControl "180+1"]
[EndTime "12:07:25 PST"]
[Termination "Annawel won on time"]

1. c4 f5 2. Nc3 Nf6 3. g3 g6 4.
Bg2 Bg7 5. Nf3 O-O 6. O-O d6 7.
d3 e5 8. Rb1 a5 9. a3 Nc6 10.
b4 axb4 11. axb4 h6 12. b5 Ne7 13. Bb2 Be6 14. Ra1 Rxa1 15. Qxa1 c6 16. bxc6 bxc6 17.
c5 g5 18. cxd6 Qxd6 19. Na4 Nd7 20. Ba3 c5 21. Qc1 Rc8 22. Nd2 Qa6 23. Nc3 Nf6 24. Bb2 Kh7 25. Qc2 c4 26. dxc4 Bxc4 27. Nxc4 Qxc4 28.
Qb1 e4 29. Rc1 Qb3 30. Nd1 Rb8 31. Qc2 Nfd5 32. Bxg7 Qxc2 33. Rxc2 Rb1 34. Bb2 Rxd1+ 35.
Bf1 e3 36. Rc1 Rd2 37. Bc3 Ra2 38. Bd4 f4 39. fxe3 fxe3 40. h4 Nf5 41. Be5 gxh4 42.
Bg2 Nde7 43. Be4 hxg3 44. Rc7 Kg8 45. Bd3 Ra5 46. Bf4 Nd5 47. Rc8+ Kf7 48. Be5 Nde7 0-1

[Event "*** Titled Tuesday Blitz"]
[Site "Chess.com"]
[Date "2021.02.02"]
[Round "11"]
[White "Oleksandr_Bortnyk"]
[Black "Supernotar"]
[Result "0-1"]
[WhiteElo "2890"]
[BlackElo "2799"]
[TimeControl "180+1"]
[EndTime "12:07:26 PST"]
[Termination "Supernotar won by checkmate"]

1. d4 d5 2. Nc3 Nf6 3. Bf4 a6 4. e3 e6 5. Nf3 c5 6. a3 Nc6 7. Bd3 b5 8. O-O Bb7 9. h3 Be7 10. dxc5 Bxc5 11. e4 dxe4 12. Nxe4 Be7 13. Qe2 O-O 14. Rad1 Nd5 15. Bc1 Qb6 16. Neg5 Nf6 17. Nxe6 fxe6 18. Qxe6+ Kh8 19. Ne5 Qc7 20. Nf7+ Rxf7 21.
Qxf7 Rf8 22. Qe6 Nd4 23. Qe3 Bc5 24. Qg5 Qc6 25. Kh1 Ne6 26. Qg3 Nh5 27. Qg4 Nf6 28. Qg3 Nh5 29. Qh2 Rxf2 30. Rxf2 Bxf2 31. Be4 Qe8 32. Qe5 Ng3+ 33. Kh2 Nxe4 34. Bf4 h6 35. b4 Qf7 36. g3 Kh7 37. Rf1 Nxf4 38. Qxf4 Qxf4 39.
gxf4 Bd4 40. c3 Bxc3 41. Rc1 Bb2 42. Rc7 Bd5 43. Rd7 Bc4 44. Re7 Nc3 45. Ra7 Bxa3 46. f5 Ne4 47. Rxa6 Bxb4 48. h4 Nf6 49. Kh3 h5 50. Ra7 Bc5 51. Rc7 Bd6 52. Rc6 Bf1# 0-1

[Event "*** Titled Tuesday Blitz"]
[Site "Chess.com"]
[Date "2021.02.02"]
[Round "11"]
[White "Trickster_Pony"]
[Black "LamaChampetre"]
[Result "0-1"]
[WhiteElo "1490"]
[BlackElo "2230"]
[TimeControl "180+1"]
[EndTime "12:07:28 PST"]
[Termination "LamaChampetre won by resignation"]

1. d4 Nf6 2. e3 g6 3. Nf3 Bg7 4.
Bd3 O-O 5. Nbd2 d6 6. O-O Nbd7 7. Qe2 e5 8. c3 Re8 9. dxe5 Nxe5 10. Nxe5 Rxe5 11. Nf3 Re8 12. c4 Ne4 13. Rb1 Nc5 14. Bc2 a5 15. b3 Bg4 16. h3 Bd7 17. Rd1 Ne4 18. Bxe4 Rxe4 19. Bb2 f6 20. Rd2 Bc6 21.
Rbd1 Qe7 22. Nd4 Bd7 23. Qf3 Re8 24. a4 f5 25. Nb5 Bc6 26. Na7 Rxc4 27. Nxc6 Rxc6 28.
Bxg7 Kxg7 29. Qd5 Qe5 30. g3 Qxd5 31. Rxd5 b6 32. R1d3 Kf6 33. Kg2 Rc2 34. h4 Re5 35. R5d4 Ke6 36. Rf4 c5 37. Kf3 d5 38. Kg2 h6 39. Kf1 g5 40. hxg5 hxg5 41. Rf3 Re4 42.
Ke1 Ke5 43. Kd1 Rb2 44. Kc1 Ra2 45. Rc3 Rb4 46. Kb1 Re2 47. Kc1 Ke4 48. g4 Kxf3 49. gxf5 Rxf2 50. f6 Ke4 0-1

[Event "*** Titled Tuesday Blitz"]
[Site "Chess.com"]
[Date "2021.02.02"]
[Round "11"]
[White "Joseacorrea"]
[Black "FMOlexandrProhorov"]
[Result "1-0"]
[WhiteElo "2026"]
[BlackElo "2130"]
[TimeControl "180+1"]
[EndTime "12:07:28 PST"]
[Termination "Joseacorrea won by checkmate"]

1. c4 Nf6 2. Nc3 e6 3. d4 c5 4.
Nf3 cxd4 5. Nxd4 Nc6 6. Nxc6 bxc6 7. e4 Bb4 8. Bd2 O-O 9. f3 d5 10. cxd5 exd5 11. Bd3 dxe4 12. Bxe4 Ba6 13. a3 Bc5 14. Bg5 Nxe4 15. Nxe4 Qe8 16. Qc2 f5 17. Qxc5 fxe4 18. O-O-O exf3 19. Rhe1 Qg6 20. gxf3 Rab8 21. Rd2 Rf5 22.
Qxa7 Rbf8 23. Be7 Bc4 24. Bxf8 Rxf8 25. Qc5 Bd5 26. a4 h5 27. a5 Rb8 28. a6 Ba2 29.
Qc2 Qf7 30. b4 Bb3 31. Qc3 Qc4 32. Qxc4+ Bxc4 33. a7 Ra8 34. Re7 Bf7 35. Rdd7 Bg6 36.
Rxg7+ Kf8 37. Rxg6 Ke8 38. Rgd6 Kf8 39. Rd8+ Rxd8 40.
Rxd8+ Ke7 41. a8=Q Ke6 42. Qxc6+ Ke5 43. Qc5+ Kf4 44. Qxh5 Ke3 45. Qg4 Kf2 46. f4 Ke3 47. f5 Kf2 48. f6 Ke3 49. f7 Kf2 50. Rd5 Ke1 51. Re5+ Kf2 52. Qf4+ Kg2 53. Rg5+ Kh3 54. Qf3+ Kh4 55. Qg4# 1-0

[Event "*** Titled Tuesday Blitz"]
[Site "Chess.com"]
[Date "2021.02.02"]
[Round "11"]
[White "Darius321"]
[Black "profofchess"]
[Result "0-1"]
[WhiteElo "2271"]
[BlackElo "2383"]
[TimeControl "180+1"]
[EndTime "12:07:29 PST"]
[Termination "profofchess won on time"]

1. e4 e6 2. d4 d5 3. e5 c5 4. c3 Qb6 5. Nf3 Bd7 6. Na3 Ne7 7.
dxc5 Qxc5 8. Be3 Qc8 9. Bd3 Nbc6 10. Nb5 Ng6 11. Nd6+ Bxd6 12. exd6 Qb8 13. Bxg6 hxg6 14. Bf4 f6 15. Qd3 Kf7 16. Bg3 g5 17. O-O-O Qg8 18. h4 gxh4 19. Rxh4 Rxh4 20. Nxh4 g5 21. Nf3 Qg6 22. Qxg6+ Kxg6 23. Rh1 e5 24. Nd2 Rd8 25. c4 Be6 26. c5 b6 27. cxb6 axb6 28. f3 Rxd6 29.
Rh8 Rd8 30. Rxd8 Nxd8 31. Bf2 b5 32. Nb3 d4 33. Kc2 Nc6 34. Nc5 Bd5 35. b3 g4 36.
Ne4 gxf3 37. gxf3 f5 38. Nd2 Nb4+ 39. Kb1 Nd3 40. Bg1 b4 41. a4 bxa3 42. Ka2 Ne1 43. f4 Kf6 44. fxe5+ Kxe5 45. Bxd4+ Kxd4 46. Kxa3 Nc2+ 47. Kb2 Kd3 48. Nf1 Nd4 49. Ng3 f4 0-1

[Event "*** Titled Tuesday Blitz"]
[Site "Chess.com"]
[Date "2021.02.02"]
[Round "11"]
[White "K_A_S_T_O_R"]
[Black "m_ezat"]
[Result "1-0"]
[WhiteElo "2727"]
[BlackElo "2543"]
[TimeControl "180+1"]
[EndTime "12:07:30 PST"]
[Termination "K_A_S_T_O_R won by resignation"]

1. e4 c6 2. c4 d5 3. cxd5 cxd5 4.
exd5 Nf6 5. Nc3 g6 6. Bc4 Bg7 7. Nf3 O-O 8. O-O Na6 9. a4 Nc7 10. Qb3 b6 11. Nd4 Bb7 12. Nc6 Qd7 13. Re1 Ncxd5 14.
Bxd5 Nxd5 15. Nxd5 Bxc6 16. Nxe7+ Kh8 17. Nxc6 Qxc6 18.
d3 Rad8 19. Be3 Rd5 20. Rad1 Qd7 21. Rd2 Kg8 22. Red1 Ra5 23. Ra1 Rd8 24. Ra3 Bd4 25.
Re2 Rc5 26. Ra1 Rdc8 27. Rae1 Bxe3 28. Rxe3 Rc1 29. h3 Rxe1+ 30. Rxe1 Qd6 31. Qb5 Kg7 32.
g3 Rc5 33. Qb3 Qd4 34. Re4 Qd7 35. Kg2 Qc6 36. Kh2 Rc1 37. g4 h5 38. Qb4 hxg4 39. hxg4 Qc7+ 40. Kg2 Qd8 41. Qd4+ Qxd4 42. Rxd4 Rc7 43.
b4 Kf6 44. f4 Ke6 45. Kf3 f5 46. gxf5+ gxf5 47. Rc4 Rd7 48. Ke3 Kd5 49. Rd4+ Kc6 50.
Rxd7 Kxd7 51. Kd4 Kd6 52. a5 Ke6 53. axb6 axb6 54. Kc4 Kd6 55. Kb5 Kd5 56. Kxb6 Kd4 57. b5 Kxd3 58. Kc5 Ke4 59. b6 Kxf4 60. b7 Ke3 61.
b8=Q f4 62. Qe5+ Kf3 63. Kd4 Kg4 64. Ke4 f3 65. Qf4+ Kh3 66. Qxf3+ 1-0

[Event "*** Titled Tuesday Blitz"]
[Site "Chess.com"]
[Date "2021.02.02"]
[Round "11"]
[White "SanchezKelvin"]
[Black "PerAsperaAdAstraCB"]
[Result "1/2-1/2"]
[WhiteElo "2458"]
[BlackElo "2365"]
[TimeControl "180+1"]
[EndTime "12:07:30 PST"]
[Termination "Game drawn - insufficient material"]

1. e4 c6 2. d4 d5 3. e5 c5 4. dxc5 e6 5. Be3 Nd7 6. Bb5 Qc7 7. Nf3 Bxc5 8. Bxc5 Qxc5 9. Nc3 Ne7 10. O-O O-O 11. Re1 a6 12. Bd3 Ng6 13. g3 Qe7 14. h4 Rd8 15. h5 Ngf8 16. Qd2 Nc5 17. Ne2 b5 18. Ned4 Bb7 19. Kg2 Rac8 20. c3 f5 21.
exf6 Qxf6 22. Ne5 Nxd3 23. Qxd3 Rd6 24. Re3 Rc7 25. Rae1 b4 26. cxb4 Rc4 27. a3 Qd8 28.
Kg1 Qc7 29. Nxc4 dxc4 30. Qc3 Qf7 31. f3 Qxh5 32. Kg2 Bd5 33. Re5 Qh6 34. Qe3 Qf6 35.
Qg5 Qf7 36. Qf4 Qxf4 37. gxf4 Ng6 38. R5e4 Bxe4 39. Rxe4 Kf7 40. Kf2 h5 41. Nxe6 Rxe6 42. f5 Rxe4 43. fxg6+ Kxg6 44. fxe4 Kf6 45. a4 Ke5 46. b5 axb5 47. a5 b4 48. a6 c3 49.
bxc3 bxc3 50. a7 c2 51. a8=Q c1=Q 52. Qd5+ Kf6 53. Qf5+ Ke7 54. Qxh5 Qf4+ 55. Qf3 Qxf3+ 56. Kxf3 Ke6 57. Kf4 g5+ 58. Kxg5 Ke5 59. Kg4 Kxe4 1/2-1/2

[Event "*** Titled Tuesday Blitz"]
[Site "Chess.com"]
[Date "2021.02.02"]
[Round "11"]
[White "MariaFominykh"]
[Black "InitiatingASC"]
[Result "0-1"]
[WhiteElo "2276"]
[BlackElo "2402"]
[TimeControl "180+1"]
[EndTime "12:07:30 PST"]
[Termination "InitiatingASC won on time"]

1. d4 Nf6 2. c4 e6 3. g3 d5 4. Nc3 Be7 5. Bg2 O-O 6. Nf3 c5 7. cxd5 exd5 8. O-O Nc6 9. dxc5 Bxc5 10. Bg5 Be7 11. Rc1 Be6 12. Nd4 Nxd4 13. Qxd4 b6 14. Qd3 Qd7 15. Bxf6 Bxf6 16. Nxd5 Bxb2 17.
Rcd1 Rad8 18. Qb1 Qb5 19. Nc7 Qxe2 20. Rde1 Qd2 21. Nxe6 fxe6 22. Rxe6 Rfe8 23. Rxe8+ Rxe8 24. Rd1 Qc3 25. Bd5+ Kh8 26. Be4 h6 27. Rd3 Qc1+ 28.
Qxc1 Bxc1 29. f3 a5 30. Rd7 Be3+ 31. Kf1 Kg8 32. Ke2 Bc5 33. h3 Re7 34. Rd8+ Kf7 35. Kd3 Ke6 36. Kc4 Rc7 37. Kb5 Bf2 38. g4 Ke5 39.
Re8+ Kf4 40. Rf8+ Kg3 41. Rf5 Kxh3 42. g5 h5 43. g6 h4 44. Rf7 Rxf7 45. gxf7 Bc5 46.
f4 Kg3 47. f5 h3 48. Kc6 Kf4 49. Bd5 Kxf5 50. Kd7 Ke5 51. Bh1 g5 52. Ke8 g4 53.
f8=Q Bxf8 54. Kxf8 g3 55. Bf3 g2 0-1

[Event "*** Titled Tuesday Blitz"]
[Site "Chess.com"]
[Date "2021.02.02"]
[Round "11"]
[White "Meri-Arabidze"]
[Black "HristosBanikas"]
[Result "0-1"]
[WhiteElo "2613"]
[BlackElo "2809"]
[TimeControl "180+1"]
[EndTime "12:07:32 PST"]
[Termination "HristosBanikas won on time"]

1. d4 Nf6 2. c4 g6 3. Nc3 Bg7 4. g3 c5 5. d5 O-O 6. Bg2 d6 7. e4 e6 8. Nge2 exd5 9. exd5 Re8 10. O-O Bf5 11. Bf4 Ng4 12. b3 h6 13. h3 Ne5 14.
g4 Bd7 15. Qd2 g5 16. Bg3 h5 17. gxh5 Bxh3 18. f4 Bxg2 19. Kxg2 Ng4 20. Rf3 gxf4 21. Qxf4 Ne5 22. h6 Nxf3 23. hxg7 Ng5 24. Rh1 Kxg7 25. Bh4 f6 26. Ng3 Rh8 27. Nf5+ Kg8 28. Nxd6 Nd7 29. Nce4 Qe7 30. Bxg5 Rxh1 31. Kxh1 fxg5 32. Qxg5+ Qxg5 33. Nxg5 b6 34. Ne6 Nf6 35. Kg2 Ne8 36. Nb5 Kf7 37. Kf3 Ke7 38. Ke4 a6 39. Nc3 Nd6+ 40. Kd3 Rh8 41.
Na4 Rh3+ 42. Kc2 Nc8 43. Nc7 a5 44. Ne6 Kd7 45. Nf8+ Kc7 46. Ne6+ Kb7 47. Nd8+ Ka6 48. Ne6 Nd6 49. Nc7+ Kb7 50. Ne6 Rh2+ 51. Kb1 Ne4 52.
Nd8+ Ka6 53. Ne6 Nd2+ 54. Ka1 Nf3 55. Kb1 Nd4 56. Nc7+ Kb7 57. Ne8 Rh6 58. Ng7 Rf6 59. Kb2 Rf2+ 60. Kb1 Rf7 0-1

[Event "*** Titled Tuesday Blitz"]
[Site "Chess.com"]
[Date "2021.02.02"]
[Round "11"]
[White "CoachHakia"]
[Black "Mambastik-Fantastic"]
[Result "0-1"]
[WhiteElo "2150"]
[BlackElo "2266"]
[TimeControl "180+1"]
[EndTime "12:07:35 PST"]
[Termination "Mambastik-Fantastic won on time"]

1. d4 Nf6 2. Bg5 Ne4 3. h4 h6 4. Bf4 d5 5. Nd2 c5 6. e3 Qb6 7. Nxe4 dxe4 8. dxc5 Qxb2 9. Be2 Qc3+ 10. Kf1 Qxc5 11.
Rb1 Nc6 12. Rb5 Qc3 13. Rb3 Qa5 14. Bb5 e6 15. Ne2 Be7 16. Nd4 O-O 17. Nxc6 bxc6 18. Bxc6 Qa6+ 19. Bb5 Qxa2 20. g4 Ba6 21. Bxa6 Qxa6+ 22. Kg2 Rfd8 23. Qe1 e5 24. Bg3 Qe6 25. Qe2 a5 26. g5 hxg5 27. hxg5 Bxg5 28. Rb5 f6 29. Qh5 Bh6 30. Qg6 Qe8 31. Rxh6 Qxb5 32. Rh7 Ra7 33.
Qh5 Kf8 34. Bh4 Rd6 35. Rh8+ Ke7 36. Qh7 Ke6 37. Qg8+ Rf7 38. Qc8+ Qd7 39. Re8+ Re7 40. Qa8 Rxe8 41. Qxe4 a4 42. Qg4+ Ke7 43. Qxg7+ Kd8 44. Bxf6+ Kc7 45. Qg4 Qxg4+ 0-1

[Event "*** Titled Tuesday Blitz"]
[Site "Chess.com"]
[Date "2021.02.02"]
[Round "11"]
[White "bylavochka"]
[Black "NovikovaGalina"]
[Result "0-1"]
[WhiteElo "2091"]
[BlackElo "2232"]
[TimeControl "180+1"]
[EndTime "12:07:35 PST"]
[Termination "NovikovaGalina won by resignation"]

1. e4 e6 2. d4 d5 3. Bd3 dxe4 4. Bxe4 Nf6 5. Bf3 c5 6. Ne2 Nc6 7.
Be3 cxd4 8. Nxd4 Ne5 9. Be2 Be7 10. O-O O-O 11. c3 a6 12. Nd2 b5 13. N2f3 Nc4 14. Bxc4 bxc4 15. Nc6 Qc7 16. Nxe7+ Qxe7 17. Ne5 Bb7 18. Nxc4 Rad8 19. Qe2 Qc7 20. f3 Nd5 21.
Bd4 Nf6 22. Ne5 Rd5 23. Rae1 Rfd8 24. Qf2 a5 25. Qg3 g6 26. Nd3 Qxg3 27. hxg3 Nh5 28.
Kf2 Ba6 29. Rd1 Bxd3 30. Rxd3 e5 31. Rfd1 exd4 32. Rxd4 Rxd4 33. Rxd4 Rxd4 34. cxd4 Nf6 35. Ke3 Kf8 36. Kd3 Ke7 37. Kc4 Kd6 38. Kb5 Nd5 39.
Kxa5 Ne3 40. b4 Nxg2 41. Ka6 Ne3 42. b5 Nd5 43. b6 h5 44. b7 Nb4+ 45. Ka7 Nc6+ 46.
Ka8 g5 47. b8=Q+ Nxb8 48. Kxb8 h4 49. gxh4 gxh4 50. a4 h3 51. a5 h2 52. a6 h1=Q 53. a7 Qxf3 54. a8=Q Qxa8+ 55. Kxa8 f5 56. Kb7 f4 57. Kb6 f3 0-1

[Event "*** Titled Tuesday Blitz"]
[Site "Chess.com"]
[Date "2021.02.02"]
[Round "11"]
[White "petrkostenko"]
[Black "BabyBoss31"]
[Result "0-1"]
[WhiteElo "2418"]
[BlackElo "2350"]
[TimeControl "180+1"]
[EndTime "12:07:36 PST"]
[Termination "BabyBoss31 won on time"]

1. e4 c6 2. d4 d5 3. exd5 cxd5 4. Bd3 Nf6 5. c3 Bg4 6. Qb3 Qb6 7. Na3 Nc6 8. Bf4 Nh5 9. Qxb6 axb6 10. Bc7 e6 11. Nb5 Kd7 12. h3 Bf5 13. Bxf5 exf5 14. Ne2 Ra6 15.
O-O Na7 16. Nxa7 Kxc7 17. Nb5+ Kc6 18. a4 Bd6 19. Rfe1 Rha8 20. b3 g6 21. Nc1 Kd7 22. Nd3 Nf6 23. Ne5+ Bxe5 24. dxe5 Ne8 25. Rad1 Ke6 26. f4 Rd8 27. Rd3 Raa8 28. Kf2 Rac8 29. Kf3 Rc5 30. Red1 h5 31. g3 Rd7 32. c4 f6 33.
exf6 Nxf6 34. Re1+ Kf7 35. cxd5 Rcxd5 36. Rxd5 Rxd5 37. Re3 Ne4 38. g4 hxg4+ 39. hxg4 Rd2 40. gxf5 gxf5 41. Rxe4 fxe4+ 42. Kxe4 Rb2 43. Nd4 Kf6 44. Kd5 Rb1 45. Kc4 Rc1+ 46. Kb5 Rd1 47. Nc2 Rd2 48. Ne3 Rd4 49. Nc4 Rxf4 50. Kxb6 Rf3 51. b4 Ke6 0-1